 Dungeon Crawl Stone Soup version 0.25.0-9-g26727b657a (webtiles) character file.

Game seed: 5617742932059887095

382 Infinimo the Sneak (level 6, -6/28 HPs)
             Began as a Spriggan Enchanter on June 20, 2020.
             Killed from afar by an orc wizard (11 damage)
             ... with a magic dart
             ... on level 3 of the Dungeon.
             The game lasted 00:09:01 (4624 turns).

Infinimo the Sneak (Spriggan Enchanter)             Turns: 4624, Time: 00:09:02

Health: -6/28      AC:  2    Str:  6    XL:     6   Next: 47%
Magic:  1/11       EV: 18    Int: 16    God:
Gold:   216        SH:  0    Dex: 17    Spells: 4/10 levels left

rFire    . . .     SeeInvis +   a - +2 dagger
rCold    . . .     Gourm    .   (shield restricted)
rNeg     . . .     Faith    .   b - +0 robe
rPois    .         Spirit   .   (helmet restricted)
rElec    .         Reflect  .   (no cloak)
rCorr    +         Harm     .   (gloves unavailable)
MR       +....                  (boots unavailable)
Stlth    ++++......             (no amulet)
HPRegen  0.09/turn              e - ring of resist corrosion
MPRegen  0.12/turn              (no ring)

@: very quick
A: very small, unfitting armour, see invisible, herbivore, speed 3, slow
metabolism 2
a: no special abilities


You were on level 3 of the Dungeon.
You were not hungry.

You visited 1 branch of the dungeon, and saw 4 of its levels.

You collected 216 gold pieces.

Inventory:

Hand Weapons
 a - a +2 dagger (weapon)
Armour
 b - a +0 robe (worn)
Jewellery
 e - a ring of resist corrosion (left hand)
Scrolls
 f - 4 scrolls of enchant weapon
 g - a scroll of enchant armour {unknown}
 i - a scroll of identify
 l - a scroll of fear
 n - a scroll of remove curse
Potions
 c - a potion of brilliance
 h - a potion of haste
 j - 4 potions of heal wounds
 m - 2 potions of ambrosia
 q - a potion of lignification
 r - a potion of mutation {unknown}
 s - a potion of might {unknown}
Comestibles
 d - 5 rations


   Skills:
 + Level 4.2 Short Blades
 - Level 3.0 Dodging
 + Level 7.5 Stealth
 - Level 2.6 Spellcasting
 + Level 5.9 Hexes


You had 4 spell levels left.
You knew the following spells:

 Your Spells              Type           Power        Failure   Level  Hunger
a - Corona                Hex            ###....      1%          1    #......
b - Ensorcelled Hibernat  Hex/Ice        ##....       9%          2    ##.....
c - Confusing Touch       Hex            ###.....     5%          3    ###....

Your spell library contained the following spells:

 Spells                   Type           Power        Failure   Level  Hunger
 Tukima's Dance           Hex            ###.....     5%          3    ###....
 Dazzling Flash           Conj/Hex       ##....       17%         3    ###....


Dungeon Overview and Level Annotations

Branches:
Dungeon (4/15)
 Temple: D:4-7

Altars:
Makhleb
Sif Muna
Vehumet


Innate Abilities, Weirdness & Mutations

You are very small and have problems with some larger weapons.
You are too small for most types of armour.
You have supernaturally acute eyesight. (SInv)
You are a herbivore.
You cover ground extremely quickly.
You need to consume almost no food.


Message History

The orc wizard hits you with a cursed -2 dagger.
Casting: Ensorcelled Hibernation (safe; 9% risk of failure)
Confirm with . or Enter, or press ? or * to list all spells.
Aiming: Ensorcelled Hibernation (safe; 9% risk of failure)
Press: ? - help, Shift-Dir - straight line, f/p - orc wizard
Aim: an orc wizard, wielding a -2 dagger and wearing a +0 robe (slightly transparent, chance to defeat MR: 42%)
The orc wizard resists with some effort.
There is a stone staircase leading up here.
The orc wizard completely misses you.
Your magical contamination has completely faded away.
You climb upwards.
There is a stone staircase leading down here.
The orc wizard casts a spell at you. The magic dart hits you!
The orc wizard gestures at you while chanting.
The magic dart hits you!
* * * LOW HITPOINT WARNING * * *
The orc wizard casts a spell at you. The magic dart hits you!
You die...

......# #####.# ..# #.#
#.# #.# #<# #.# #####.#
######### ......#
#.......#
################.....o.#
...............+@....>.#
###########.####.......#
.# #.....######## .##
#)....#
..#########.....#
..............(.#
#..#######......#
....[(.)<.....###
....######....#


You could see an orc wizard (invisible).

Vanquished Creatures
  The ghost of kikerikii the Grasshopper, an amateur HaWr (D:3)
  A hound (D:4)
  An orc priest (D:4)
  An orc wizard (D:3)
  Jessica (D:2)
  An iguana (D:4)
  3 adders
  2 worms
  6 dart slugs
  3 leopard geckos
  4 orcs
  2 ball pythons (D:3)
  3 giant cockroaches
  7 goblins
  9 hobgoblins
  2 jackals (D:3)
  7 kobolds
  3 quokkas
  9 bats
  A quokka skeleton (D:4)
  10 rats (D:1)
77 creatures vanquished.

Notes
Turn   | Place    | Note
-------+----------+-------------------------------------------
     0 | D:1      | Infinimo the Spriggan Enchanter began the quest for the
                  | Orb.
     0 | D:1      | Reached XP level 1. HP: 9/9 MP: 5/5
   505 | D:1      | Reached XP level 2. HP: 5/13 MP: 6/6
  1029 | D:1      | Reached skill level 5 in Stealth
  1475 | D:2      | Reached XP level 3. HP: 16/16 MP: 8/8
  1658 | D:1      | Learned a level 2 spell: Ensorcelled Hibernation
  1852 | D:2      | Noticed Jessica
  1860 | D:2      | Killed Jessica
  1860 | D:2      | Reached XP level 4. HP: 18/21 MP: 4/9
  2377 | D:2      | Reached skill level 6 in Stealth
  2435 | D:2      | Found a burning altar of Makhleb.
  2435 | D:2      | Found a radiant altar of Vehumet.
  2686 | D:2      | Found a shimmering blue altar of Sif Muna.
  2724 | D:3      | Found a runed translucent door.
  2904 | D:3      | Reached skill level 5 in Hexes
  2904 | D:3      | Reached XP level 5. HP: 14/24 MP: 0/10
  3718 | D:3      | Noticed kikerikii's ghost (amateur HaWr)
  3912 | D:3      | Learned a level 3 spell: Confusing Touch
  3921 | D:3      | Killed kikerikii's ghost
  3921 | D:3      | Reached skill level 7 in Stealth
  3921 | D:3      | Reached XP level 6. HP: 23/28 MP: 7/11
  4624 | D:3      | Killed from afar by an orc wizard

Illustrated notes

Levels and vault maps discovered:
D:1:      elethiomel_arrival_maze, layout_basic, minmay_rat_gold_closets
D:2:      layout_rooms, gammafunk_temple_overflow_statue, led_sif_pool,
          uniq_jessica
D:3:      layout_basic, first_ration, hellmonk_ghost_happy_afterlife
D:4:      layout_basic

Skill      XL: |  1  2  3  4  5  6 |
---------------+-------------------+-----
Hexes          | 4 5 |  5.9
Stealth        | 5 6 7 |  7.5
Short Blades   | 2 3 4 |  4.2
Dodging        | |  3.0
Spellcasting   | |  2.6

Action                   |  1- 3 |  4- 6 || total
-------------------------+-------+-------++-------
Melee: Dagger            |   151 |    92 ||   243
 Cast: Ensorcelled Hiber |     6 |    60 ||    66
       Confusing Touch   |       |     2 ||     2
  Use: Potion            |     1 |     1 ||     2
       Scroll            |       |    10 ||    10
 Stab: Sleeping          |    14 |    35 ||    49
       Confused          |       |     3 ||     3
  Eat: Ration            |       |     3 ||     3
Armor: Robe              |    12 |    14 ||    26
Dodge: Dodged            |   137 |    88 ||   225
